 Dungeon Sprint DCSS version 0.21.1-1-g345015fe64 (webtiles) character file.

2116 Groucho the Unseen (level 9, -3/64 (67) HPs)
             Began as an Octopode Assassin on Apr 15, 2018.
             Was a Follower of Dithmenos.
             Succumbed to a death drake's dark miasma
             ... in the Dungeon (Sprint II: "The Violet Keep of Menkaure").
             The game lasted 00:07:52 (1786 turns).

Groucho the Unseen (Octopode Assassin)              Turns: 1786, Time: 00:07:53

HP:   -3/64 (67)    AC:  1    Str: 11    XL:     9   Next: 29%
MP:   9/9           EV: 19    Int: 15    God:    Dithmenos [*.....]
Gold: 508           SH:  0    Dex: 18    Spells: 8/8 levels left

rFire    + . .     SeeInvis .   a - +2 dagger
rCold    + . .     Gourm    .   (no shield)
rNeg     . . .     Faith    .   (helmet restricted)
rPois    .         Spirit   .   (no amulet)
rElec    .         Reflect  .   e - ring of flight
rCorr    .         Harm     .   (no ring)
MR       .....     NoTele   +   (no ring)
Stlth    +++++++++.             (no ring)
HPRegen  0.20/turn              (no ring)
MPRegen  0.11/turn              (no ring)
                                (no ring)
                                (no ring)

@: lethally poisoned (-3 -> -75), slowed, wreathed by umbra, very slow
A: almost no armour, stealthy swim, amphibious, 8 rings, constrict 8, camouflage
1, agile 1, blink, clever 1, cold resistance 1, fire resistance 1, wild magic 1,
gelatinous body 1
a: Blink, Renounce Religion, Evoke Flight


You were in the Dungeon.
You worshipped Dithmenos.
Dithmenos was aware of your devotion.
You were not hungry.

You visited 1 branch You collected 1053 gold pieces.
You spent 545 gold pieces at shops.

Inventory:

Hand Weapons
 a - a +2 dagger (weapon)
 b - a +0 blowgun
 f - a +0 arbalest
Missiles
 c - 7 poisoned needles
 g - 21 bolts
Jewellery
 e - a ring of flight (left tentacle)
Potions
 i - 2 potions of magic


   Skills:
 + Level 8.4 Fighting
 + Level 8.5 Short Blades
 + Level 2.0 Throwing
 + Level 8.2 Dodging
 - Level 18.2 Stealth
 + Level 6.5 Unarmed Combat


You had 8 spell levels left.
You didn't know any spells.

Dungeon Overview and Level Annotations

Branches:
Dungeon (1/1)

Altars:
Cheibriados
Dithmenos
Elyvilon
Fedhas
Gozag
Hepliaklqana
Kikubaaqudgha
Makhleb
Nemelex Xobeh
Okawaru
Qazlal
Ru
Sif Muna
Trog
Uskayaw
Vehumet
Wu Jian
Xom
Yredelemnul
Zin
The Shining One
Beogh
Jiyva
Lugonu

Shops:
D !}:[?([%==!:*[}[

Annotations:
D exclusion: oklob plant


Innate Abilities, Weirdness & Mutations

You cannot wear most types of armour.
You are very stealthy in the water. (Stealth+)
You are amphibious.
You can wear up to eight rings at the same time.
You can use your tentacles to constrict eight enemies at once.
Your skin changes colour to match your surroundings (Stealth+).
Your rubbery body absorbs attacks. (AC +1, EV +1)
You are agile. (Dex +2)
You can translocate small distances at will.
Your mind is acute. (Int +2)
Your flesh is cold resistant. (rC+)
Your flesh is heat resistant. (rF+)
Your spells are a little harder to cast, but a little more powerful.


Message History

You hit the death drake but do no damage.
The death drake is lightly wounded.
You are engulfed in dark miasma.
You are lethally poisoned!
You feel very sick.
The swamp drake looks more healthy.
The death drake barely misses you. The death drake bites you.
You hit the death drake. You squeeze the death drake.
The death drake is lightly wounded.
You are engulfed in dark miasma.
You are more poisoned.
You feel your flesh rotting away!
* * * LOW HITPOINT WARNING * * *
You feel very sick. The death drake completely misses you.
* * * LOW HITPOINT WARNING * * *
You feel extremely sick. The swamp drake barely misses you.
The death drake barely misses you. The death drake misses you.
The swamp drake bites you.
* * * LOW HITPOINT WARNING * * *
You die... .. .. .# #+##.. #. k .#.##.#### +.##. .#..# ...# ...#### #.# ###..## #..##.# (!!$?

#'###.##..# +..#..#▓??!($
#.##..##..# #.k#.§#▓?$[))
.<.'.##'..####.k##.#▓$$=[?
#.##.#.#....###k@.##▓▓▓▓▓▓
#'###.##.§....§≈≈≈≈≈≈≈≈≈≈≈
#..####≈≈§§§§§§#'########+#
##..#≈≈≈≈≈§≈§§≈#_._._...#≈§
#.##≈≈≈≈≈§≈≈§≈#._._._._#§≈
#+##≈≈§≈≈§≈§≈≈≈#_._._._.#§≈
≈≈ ≈≈≈≈≈§§≈≈≈≈≈#._._._._#≈§
+# ++#≈≈≈≈§≈≈≈≈#.._._._.#§§
≈§ ##§≈≈###§§#..._._._#≈t


You could see a death drake and 2 swamp drakes.

Vanquished Creatures
  A yaktaur (D)
  3 polar bears (D)
  A hornet (D)
  2 hippogriffs (D)
  4 neqoxecs (D)
  A crocodile (D)
  4 worker ants (D)
  2 worms (D)
18 creatures vanquished.

Vanquished Creatures (others)
  Menkaure (D)
  A crocodile (D)
2 creatures vanquished.

Grand Total: 20 creatures vanquished

Notes
Turn   | Place    | Note
-------+----------+-------------------------------------------
     0 | D        | Groucho the Octopode Assassin began the quest for the Orb.
     0 | D        | Reached XP level 1. HP: 14/14 MP: 1/1
     1 | D        | Noticed a hippogriff
     1 | D        | Noticed a hippogriff
     7 | D        | Killed a hippogriff
     7 | D        | Reached skill level 15 in Stealth
     7 | D        | Reached XP level 2. HP: 4/19 MP: 2/2
     7 | D        | Reached XP level 3. HP: 5/24 MP: 3/3
     7 | D        | Reached XP level 4. HP: 6/29 MP: 4/4
     7 | D        | Reached XP level 5. HP: 8/34 MP: 5/5
    14 | D        | Killed a crocodile
   145 | D        | Killed Menkaure
   354 | D        | Killed a hippogriff
   354 | D        | Reached skill level 16 in Stealth
   354 | D        | Reached XP level 6. HP: 44/44 MP: 6/6
   367 | D        | Reached skill level 5 in Fighting
   367 | D        | Reached skill level 5 in Short Blades
   372 | D        | Reached XP level 7. HP: 50/50 MP: 7/7
   380 | D        | Noticed a neqoxec
   380 | D        | Noticed a neqoxec
   380 | D        | Noticed a neqoxec
   380 | D        | Noticed a neqoxec
   390 | D        | Killed a neqoxec
   390 | D        | Reached skill level 5 in Dodging
   395 | D        | Gained mutation: Your mind is acute. (Int +2) [a neqoxec]
   395 | D        | Gained mutation: Your magical capacity is low. (-10% MP) [a neqoxec]
   398 | D        | Gained mutation: Scrolls take you a little longer to read. [a neqoxec]
   404 | D        | HP: 1/51 [neqoxec (5)]
   408 | D        | Gained mutation: Your body sometimes deteriorates upon taking damage. [a neqoxec]
   412 | D        | Gained mutation: You tend to lose your temper in combat. [a neqoxec]
   418 | D        | Killed a neqoxec
   421 | D        | Killed a neqoxec
   421 | D        | Reached skill level 17 in Stealth
   421 | D        | Reached XP level 8. HP: 7/58 MP: 7/7
   767 | D        | Noticed an orange crystal statue
   779 | D        | Found Uhosuy's Gadget Boutique.
   779 | D        | Found Cuer's General Store.
   779 | D        | Found Elidd's Jewellery Boutique.
   779 | D        | Found Lomusch's Distillery.
   779 | D        | Found Sinoenid's Jewellery Shop.
   780 | D        | Found Asmef's Antique Armour Shop.
   780 | D        | Found Evyucam's Book Shop.
   780 | D        | Found Xyes's Food Shop.
   781 | D        | Found Soatuog's Antique Armour Boutique.
   781 | D        | Found Pyneh's Antique Armour Shop.
   781 | D        | Found Nuus's Antique Weapon Boutique.
   783 | D        | Found Weotuad's Magic Scroll Shop.
   783 | D        | Found Zues's Antique Armour Boutique.
   783 | D        | Noticed an iron elemental
   783 | D        | Noticed an oklob plant
   784 | D        | Found Ruemasat's Gadget Shop.
   784 | D        | Found Vuuluwkavva's Distillery.
   784 | D        | Found Otumupu's Book Shoppe.
   788 | D        | Noticed a fire dragon
   797 | D        | Bought an uncursed ring of flight for 175 gold pieces
   804 | D        | Noticed a flying skull
   815 | D        | Bought a potion of resistance for 100 gold pieces
   815 | D        | Bought a potion of curing for 30 gold pieces
   815 | D        | Bought a potion of curing for 30 gold pieces
   815 | D        | Bought a potion of mutation for 80 gold pieces
   815 | D        | Bought a potion of heal wounds for 50 gold pieces
   823 | D        | Bought a potion of mutation for 80 gold pieces
   823 | D        | Lost mutation: You tend to lose your temper in combat. [potion of mutation]
   823 | D        | Lost mutation: Your magical capacity is low. (-10% MP) [potion of mutation]
   823 | D        | Gained mutation: You can translocate small distances at will. [potion of mutation]
   823 | D        | Gained mutation: You are agile. (Dex +2) [potion of mutation]
   824 | D        | Lost mutation: Your mind is acute. (Int +2) [potion of mutation]
   824 | D        | Lost mutation: Your body sometimes deteriorates upon taking damage. [potion of mutation]
   824 | D        | Lost mutation: Scrolls take you a little longer to read. [potion of mutation]
   824 | D        | Gained mutation: Your flesh is cold resistant. (rC+) [potion of mutation]
   824 | D        | Gained mutation: Your mind is acute. (Int +2) [potion of mutation]
   824 | D        | Gained mutation: Your spells are a little harder to cast, but a little more powerful. [potion of mutation]
   824 | D        | Gained mutation: Your flesh is heat resistant. (rF+) [potion of mutation]
  1290 | D        | Found an iron altar of Okawaru.
  1290 | D        | Found an opulent altar of Gozag.
  1291 | D        | Found a sparkling altar of Nemelex Xobeh.
  1291 | D        | Found a blossoming altar of Fedhas.
  1292 | D        | Found a radiant altar of Vehumet.
  1292 | D        | Found a burning altar of Makhleb.
  1292 | D        | Found a white marble altar of Elyvilon.
  1293 | D        | Found a hide-covered altar of Uskayaw.
  1293 | D        | Found a corrupted altar of Lugonu.
  1293 | D        | Found a shadowy altar of Dithmenos.
  1294 | D        | Found a glowing silver altar of Zin.
  1294 | D        | Found a bloodstained altar of Trog.
  1294 | D        | Found an ancient bone altar of Kikubaaqudgha.
  1297 | D        | Found a basalt altar of Yredelemnul.
  1297 | D        | Found a deep blue altar of Sif Muna.
  1297 | D        | Found a viscous altar of Jiyva.
  1298 | D        | Found a shimmering altar of Xom.
  1298 | D        | Found a sacrificial altar of Ru.
  1300 | D        | Found a glowing golden altar of the Shining One.
  1300 | D        | Found an ornate altar of the Wu Jian Council.
  1300 | D        | Found a stormy altar of Qazlal.
  1300 | D        | Found a snail-covered altar of Cheibriados.
  1300 | D        | Found a hazy altar of Hepliaklqana.
  1300 | D        | Noticed a hornet
  1300 | D        | Noticed a polar bear
  1301 | D        | Found a roughly hewn altar of Beogh.
  1301 | D        | Noticed a yaktaur
  1308 | D        | Became a worshipper of Dithmenos the Shadowed
  1317 | D        | Noticed a polar bear
  1317 | D        | Noticed a polar bear
  1318 | D        | Killed a polar bear
  1319 | D        | Killed a polar bear
  1319 | D        | Reached skill level 5 in Unarmed Combat
  1321 | D        | Killed a polar bear
  1321 | D        | Reached * piety under Dithmenos
  1321 | D        | Reached XP level 9. HP: 66/66 MP: 9/9
  1333 | D        | Killed a hornet
  1333 | D        | Reached skill level 18 in Stealth
  1356 | D        | Killed a yaktaur
  1770 | D        | Noticed a death drake
  1786 | D        | Succumbed to a death drake's dark miasma

Skill      XL: |  1  2  3  4  5  6  7  8  9 |
---------------+----------------------------+-----
Stealth        | 15 16 17 18 | 18.2
Fighting       | 4 5 6 7 8 |  8.4
Short Blades   | 4 5 6 7 8 |  8.5
Dodging        | 4 6 7 8 |  8.2
Unarmed Combat | 3 5 6 |  6.5
Throwing       | |  2.0

Action                   |  1- 3 |  4- 6 |  7- 9 || total
-------------------------+-------+-------+-------++-------
Melee: Dagger            |     3 |     8 |   100 ||   111
       Tentacles         |     1 |     1 |    31 ||    33
       Constrict         |       |     1 |     7 ||     8
       Punch             |       |       |     1 ||     1
 Fire: Blowgun           |       |       |     3 ||     3
 Abil: Evoke Flight      |       |       |     1 ||     1
  Use: Potion            |     1 |       |     9 ||    10
       Scroll            |       |       |     1 ||     1
 Stab: Sleeping          |     1 |     4 |     4 ||     9
  Eat: Ration            |       |       |     1 ||     1
Armor: Skin              |       |       |     2 ||     2
Dodge: Dodged            |     2 |     2 |    69 ||    73
